 Dungeon Crawl Stone Soup version 0.30-a0-953-g5f1da4a474 (webtiles) character file.

Game seed: 8125682818647328405

24972 jasper the Thaumaturge (level 12, -3/72 HPs)
             Began as a Deep Elf Cinder Acolyte on Mar 28, 2023.
             Was a Believer of Ignis.
             Killed by divine providence
             ... invoked by a meliai
              (15 damage)
             ... on level 3 of the Lair of Beasts.
             The game lasted 00:25:52 (17684 turns).

jasper the Thaumaturge (Deep Elf Cinder Acolyte)   Turns: 17684, Time: 00:25:53

Health: -3/72      AC: 12    Str: 11    XL:     12   Next: 85%
Magic:  21/32      EV: 20    Int: 25    God:    Ignis [**....]
Gold:   125        SH:  0    Dex: 10    Spells: 24/39 levels left

rFire   + . .      SeeInvis +    a - +3 spear (flame)
rCold   . . .      Faith    .    (no shield)
rNeg    . . .      Spirit   .    b - +1 robe
rPois   .          Reflect  .    w - +0 helmet {SInv}
rElec   .          Rampage  .    y - +0 cloak
rCorr   .                        C - +1 Delatra's gloves {ID++}
Will    +....                    i - +0 pair of boots
Stlth   +                        (no amulet)
HPRegen 0.32/turn                t - +4 ring of protection
MPRegen 0.23/turn                D - +5 ring of evasion

@: no status effects
A: no striking features
a: Renounce Religion, Fiery Armour, Foxfire Swarm


You were on level 3 of the Lair of Beasts.
You worshipped Ignis.
Ignis was pleased with you.
You visited 2 branches of the dungeon, and saw 14 of its levels.

You collected 712 gold pieces.
You spent 587 gold pieces at shops.

Inventory:

Hand Weapons
 a - a +3 spear of flaming (weapon)
 m - a +0 scythe
 q - a +2 whip of electrocution
 I - the +6 rapier "Guuzopp" {venom, rElec rF+ Stlth+}
   (You found it on level 9 of the Dungeon)

   rF:        It protects you from fire.
   rElec:     It insulates you from electricity.
   Stlth:     It makes you more stealthy.
Missiles
 F - 2 throwing nets
Armour
 b - a +1 robe (worn)
 i - a +0 pair of boots (worn)
 s - the +3 leather armour of the Buccaneer {rC- Str+6 Int+3}
   (You found it on level 4 of the Dungeon)

   Str:       It affects your strength (+6).
   Int:       It affects your intelligence (+3).
   rC:        It makes you vulnerable to cold.
 u - a +2 tower shield of fire resistance
 w - a +0 helmet of see invisible (worn)
 y - a +0 cloak (worn)
 B - a +0 leather armour
 C - the +1 Delatra's gloves (worn) {ID++}
   (You found it on level 6 of the Dungeon)

   ID++:      It heals its wearer when they drink unknown potions, and restores
   their MP when they read unknown scrolls.
 E - an orb of guile
Magical Staves
 x - a staff of earth
Jewellery
 f - a ring of protection from fire
 t - a +4 ring of protection (left hand)
 D - a +5 ring of evasion (right hand)
 J - a ring of ice
 N - a +4 ring of protection
Wands
 l - a wand of roots (16)
 K - a wand of polymorph (5)
 L - a wand of mindburst (5)
 M - a wand of digging (7)
 Q - a wand of charming (3)
Scrolls
 d - 5 scrolls of amnesia
 g - 3 scrolls of enchant armour
 n - 4 scrolls of fog
 r - 2 scrolls of blinking
 H - 2 scrolls of teleportation
 O - a scroll of magic mapping
 P - 2 scrolls of identify
 S - a scroll of enchant weapon
Potions
 c - 4 potions of might
 e - 3 potions of flight
 h - 2 potions of lignification
 j - a potion of resistance
 k - 2 potions of brilliance
 o - a potion of cancellation
 p - 3 potions of attraction
 v - 2 potions of magic {unknown}
 z - a potion of ambrosia {unknown}
 A - a potion of degeneration {unknown}
 G - 2 potions of curing
 R - a potion of berserk rage {unknown}


   Skills:
 + Level 7.0 Fighting
 - Level 2.1 Polearms
 + Level 9.2 Dodging
 - Level 14.3 Spellcasting
 - Level 11.3 Conjurations
 - Level 5.0 Translocations
 - Level 12.1 Fire Magic


You had 24 spell levels left.
You knew the following spells:

 Your Spells              Type           Power      Damage    Failure   Level
a - Scorch                Fire           100%       2d10      1%          2
b - Starburst             Conj/Fire      33%        6d10      3%          6
c - Iskenderun's Mystic   Conj/Tloc      56%        2d12      1%          4
d - Mephitic Cloud        Conj/Pois/Air  36%        N/A       1%          3

Your spell library contained the following spells:

 Spells                   Type           Power      Damage    Failure   Level
 Dazzling Flash           Conj/Hex       92%        N/A       1%          3
 Hailstorm                Conj/Ice       46%        3d11      1%          3
 Portal Projectile        Hex/Tloc       60%        N/A       3%          3
 Cigotuvi's Dreadful Rot  Necr/Pois/Air  34%        N/A       4%          2
 Poisonous Vapours        Pois/Air       34%        N/A       4%          2
 Call Canine Familiar     Summ           17%        N/A       10%         3
 Ozocubu's Armour         Ice            17%        N/A       10%         3
 Ice Form                 Ice/Tmut       17%        N/A       30%         4
 Leda's Liquefaction      Hex/Erth       8%         N/A       30%         4
 Simulacrum               Ice/Necr       8%         N/A       99%         6
 Ozocubu's Refrigeration  Ice            8%         4d9       100%        7


Dungeon Overview and Level Annotations

Branches:
Dungeon (11/15)            Temple (0/1) D:5            Lair (3/5) D:8
 Spider (0/4) Lair:3
  Swamp: Lair:2-3    Shoals: Lair:2-3       Orc: D:9-12

Altars:
Cheibriados
Elyvilon
Gozag
Hepliaklqana
Okawaru
Qazlal
Vehumet
Wu Jian
Yredelemnul

Shops:
D:3 *   D:5 *   D:9 =[:

Annotations:
Lair:1 exclusion: oklob plant


Message History

The meliai is moderately wounded.
The meliai's fire resistance burns away.
You now have 28/32 mp.
Casting: Scorch (safe; 1% risk of failure)
Press: ? - help, Q - select action, (/) - cycle Dir - look around, f - activate Flames lash the meliai.
The meliai is burned terribly!
The meliai is almost dead.
You hear an angry buzzing noise.
The meliai hits you with a +0 hand axe! The meliai stings you.
You are poisoned.
The meliai poisons you!
A killer bee comes into view.
The meliai hits you with a +0 hand axe. The meliai stings you.
* * * LOW HITPOINT WARNING * * *
You take 27 damage, and have 20/72 hp.
MASSIVE DAMAGE!!
You now have 26/32 mp.
Casting: Scorch (safe; 1% risk of failure)
Confirm with . or Enter, or press ? or * to list all spells.
Casting: Starburst (dangerous; 3% risk of failure)
Press: ? - help, Dir - look around, f - activate The bolt of fire hits the plant!!!
The plant begins to die.
The plant is lightly damaged.
The bolt of fire misses the meliai.
* * * LOW HITPOINT WARNING * * *
You feel very sick.
The meliai calls down the wrath of its god upon you.
Something smites you!
* * * LOW HITPOINT WARNING * * *
The meliai misses you. x2
You take 15 damage, and have 5/72 hp.
MASSIVE DAMAGE!!
You now have 21/32 mp.
You feel better. The meliai hits you with a +0 hand axe.
* * * LOW HITPOINT WARNING * * *
The meliai misses you.
The killer bee completely misses the plant.
The killer bee stings the plant!
The plant is poisoned.
The killer bee poisons the plant!
The meliai misses you.
The meliai stings you but does no damage.
You regained 6 hp, and now have 11/72 hp.
The meliai invokes the aid of its god against you.
Something smites you!
You die...

.#.#y#.#..##... .#..###..#.....
.#...#...#..... # ..##.y.##......
# . ..$.###?..#.... # ..
#.....y..... # ... ###y..## #....
...#.#.yP.P.#.. .....
>......@........ .....
................ .....
..................... .....
..................... .....
....#.###.#.##........ .....
.....#.##..###.....#.#. .#.##
.....#......#....###..+#
#######.......#............+.....
......#......##..................


You could see a meliai (combustible) and 2 killer bees.

Vanquished Creatures
  Harold (Lair:2)
  A two-headed ogre (D:9)
  3 skeletal warriors (D:11)
  Pikel (D:4)
  A deep elf pyromancer (D:10)
  A wolf spider (D:10)
  A cyclops (D:10)
  7 centaur zombies (D:10)
  An elephant (Lair:3)
  3 black mambas
  3 cane toads (Lair:2)
  An unseen horror zombie (D:10)
  An unseen horror (D:9)
  A komodo dragon (Lair:2)
  3 kobold demonologists (D:10)
  3 rime drakes
  2 ice devils (Lair:2)
  A hornet (D:10)
  10 blink frogs (Lair:2)
  2 meliai zombies (D:10)
  Prince Ribbit (D:7)
  2 wraiths
  Sigmund (D:3)
  A wyvern (D:10)
  23 yaks
  A basilisk (Lair:2)
  3 wargs (D:10)
  9 water moccasins
  Duvessa (D:4)
  2 black bears
  6 ice beasts (D:8)
  4 orc warriors
  An ogre (D:7)
  A centaur (D:10)
  9 wolves
  A lemure (D:4)
  A phantom (D:5)
  10 kobold brigands
  4 bullfrogs
  3 gnoll sergeants
  4 scorpions
  Dowan (D:4)
  9 wights
  8 killer bees
  A howler monkey (D:10)
  2 electric eels (D:9)
  2 jellies
  13 orc priests
  A hound (D:5)
  3 gnoll boudas
  An iron imp (D:3)
  23 orc wizards
  3 sleepcaps
  4 iguanas
  A howler monkey zombie (D:10)
  16 gnolls
  9 adders
  A shadow imp (D:7)
  3 white imps
  An ufetubus (D:7)
  3 dart slugs
  52 orcs
  9 ball pythons
  9 endoplasms
  3 giant cockroaches
  12 goblins
  14 hobgoblins
  4 jackals (D:1)
  27 kobolds
  7 quokkas
  4 bats
  A frilled lizard (D:3)
  5 rats
387 creatures vanquished.

Vanquished Creatures (others)
  An orc priest (D:10)
  13 fungi
  33 plants
47 creatures vanquished.

Grand Total: 434 creatures vanquished

Notes
Turn   | Place    | Note
-------+----------+-------------------------------------------
     0 | D:1      | jasper the Deep Elf Cinder Acolyte began the quest for the
                  | Orb.
     0 | D:1      | Reached XP level 1. HP: 13/13 MP: 5/5
    83 | D:1      | Reached skill level 2 in Spellcasting
   233 | D:1      | Reached XP level 2. HP: 18/18 MP: 7/7
   236 | D:1      | Learned a level 2 spell: Scorch
   567 | D:1      | Reached XP level 3. HP: 22/22 MP: 1/9
   857 | D:1      | Reached skill level 3 in Spellcasting
  1093 | D:1      | Reached skill level 1 in Dodging
  1670 | D:2      | Reached XP level 4. HP: 27/27 MP: 8/11
  1838 | D:2      | Reached skill level 4 in Spellcasting
  2160 | D:2      | Found a white marble altar of Elyvilon.
  2773 | D:3      | Noticed Sigmund
  2779 | D:3      | Killed Sigmund
  2780 | D:3      | Reached skill level 5 in Spellcasting
  2780 | D:3      | Reached XP level 5. HP: 29/32 MP: 2/15
  2780 | D:3      | Reached XP level 6. HP: 34/37 MP: 2/16
  2927 | D:3      | Reached skill level 6 in Spellcasting
  2934 | D:3      | Found a snail-covered altar of Cheibriados.
  3268 | D:3      | Found Uniurauh's Assorted Antiques.
  3276 | D:3      | Bought a pair of boots for 99 gold pieces
  3460 | D:3      | Learned a level 6 spell: Starburst
  3551 | D:4      | Learned a level 4 spell: Iskenderun's Mystic Blast
  3880 | D:4      | Reached XP level 7. HP: 42/42 MP: 14/19
  3883 | D:4      | Noticed Duvessa
  3885 | D:4      | Noticed Dowan
  3886 | D:4      | Reached skill level 7 in Spellcasting
  4086 | D:4      | Killed Duvessa
  4087 | D:4      | Reached skill level 1 in Conjurations
  4087 | D:4      | Reached skill level 1 in Translocations
  4089 | D:4      | Killed Dowan
  4230 | D:4      | Found a hazy altar of Hepliaklqana.
  4622 | D:4      | Noticed Pikel
  4640 | D:4      | Killed Pikel
  4641 | D:4      | Reached skill level 5 in Fire Magic
  4641 | D:4      | Reached XP level 8. HP: 25/48 MP: 7/20
  4806 | D:4      | Identified the +3 leather armour of the Buccaneer {rC-
                  | Str+6 Int+3}
  5110 | D:5      | Entered Level 5 of the Dungeon
  5374 | D:5      | Found Awnafar's CLEARANCE SALE!.
  5401 | D:5      | Bought a potion of curing for 12 gold pieces
  5401 | D:5      | Bought a +2 tower shield of fire resistance for 86 gold
                  | pieces
  5807 | D:5      | Found a staircase to the Ecumenical Temple.
  5859 | D:5      | Found an opulent altar of Gozag.
  6238 | D:5      | Reached skill level 8 in Spellcasting
  6592 | D:5      | Reached skill level 5 in Conjurations
  6788 | D:5      | Reached skill level 5 in Translocations
  6788 | D:5      | Reached XP level 9. HP: 42/52 MP: 18/23
  7072 | D:6      | Found the +1 Delatra's gloves {ID++}
  7221 | D:6      | Found a radiant altar of Vehumet.
  7321 | D:6      | Found a stormy altar of Qazlal.
  7794 | D:6      | Found an ornate altar of the Wu Jian Council.
  8031 | D:7      | Reached skill level 9 in Spellcasting
  8343 | D:7      | Found an iron altar of Okawaru.
  8774 | D:7      | Noticed Prince Ribbit
  8779 | D:7      | Killed Prince Ribbit
  9351 | D:7      | Reached skill level 10 in Spellcasting
  9577 | D:8      | Reached XP level 10. HP: 42/56 MP: 1/26
  9935 | D:8      | Reached skill level 11 in Spellcasting
 10110 | D:8      | Found a staircase to the Lair.
 10734 | D:8      | HP: 2/56 [orc/+0 hand axe (2)]
 11194 | D:9      | Found Giab's Jewellery Shop.
 11276 | D:9      | Found Fyda Dai's Armour Shop.
 11570 | D:9      | Found Paaff's Book Shoppe.
 11584 | D:9      | Reached skill level 10 in Fire Magic
 11607 | D:9      | Reached skill level 12 in Spellcasting
 11905 | D:9      | Identified the +6 rapier "Guuzopp" {venom, rElec rF+
                  | Stlth+}
 12086 | D:9      | Bought an amulet of guardian spirit for 390 gold pieces
 12139 | D:9      | Found a white marble altar of Elyvilon.
 12237 | D:10     | Entered Level 10 of the Dungeon
 12429 | D:10     | Reached XP level 11. HP: 36/60 MP: 4/29
 12433 | D:10     | Learned a level 3 spell: Mephitic Cloud
 12782 | D:10     | Found a basalt altar of Yredelemnul.
 12863 | D:10     | Reached skill level 10 in Conjurations
 13029 | D:10     | Reached skill level 13 in Spellcasting
 13263 | D:10     | Noticed a sun demon
 13263 | D:10     | Noticed a two-headed ogre
 13264 | D:10     | Noticed a sixfirhy
 13277 | D:9      | Killed a two-headed ogre
 13570 | D:10     | Noticed a wolf spider
 13570 | D:10     | Noticed a deep elf pyromancer
 13574 | D:10     | Killed a deep elf pyromancer
 13796 | D:10     | Noticed a soul eater
 14005 | D:11     | Noticed a skeletal warrior
 14006 | D:11     | Noticed a skeletal warrior
 14007 | D:11     | Noticed a skeletal warrior
 14012 | D:11     | Noticed a skeletal warrior
 14013 | D:11     | Killed a skeletal warrior
 14014 | D:11     | Reached skill level 14 in Spellcasting
 14014 | D:11     | Killed a skeletal warrior
 14016 | D:11     | Killed a skeletal warrior
 14016 | D:11     | Noticed a skeletal warrior
 14077 | D:10     | Noticed a lindwurm
 14178 | D:10     | Killed a wolf spider
 14179 | D:10     | Reached XP level 12. HP: 29/66 MP: 18/32
 14243 | Lair:1   | Entered Level 1 of the Lair of Beasts
 15730 | Lair:2   | Identified the +6 chain mail of Decompression {Will++
                  | Str+3}
 15745 | Lair:2   | Noticed Harold
 15751 | Lair:2   | Killed Harold
 15752 | Lair:2   | Reached skill level 5 in Dodging
 15981 | Lair:2   | Reached skill level 5 in Fighting
 16325 | Lair:2   | Found a frozen archway.
 17676 | Lair:3   | Found a hole to the Spider Nest.
 17684 | Lair:3   | Killed from afar by a meliai

Illustrated notes

Levels and vault maps discovered:
D:1:      co_arrival_square_in_a_square_in_a_square, layout_basic
D:2:      layout_loops_corners, basic_altar, kennysheep_generic_room_8
D:3:      layout_basic, slow_altar_1, serial_shops, nicolae_shop_statue_plus,
          nicolae_grassy_gnolls, uniq_sigmund
D:4:      layout_basic, mainiacjoe_overflow_brackets, uniq_duvessa, uniq_pikel
D:5:      layout_gridville, grunt_gozag_breadcrumbs, minmay_temple_entry_arrows,
          chequers_jeans, hangedman_abyss_or_decor_stabs,
          ebering_dispersal_statue_hall, nicolae_shop_clearance
D:6:      layout_loops_ring, mainiacjoe_overflow_cross_hatched,
          nzn_wu_jian_contemplation, old_standard_altar
D:7:      layout_basic, mainiacjoe_overflow_catwalk, chequers_mini_garden,
          minmay_misc_feat_square, uniq_prince_ribbit1
D:8:      layout_gridville, hellmonk_lair_entry_icy
D:9:      minmay_flawed_box, layout_cave_pools, mainiacjoe_overflow_alcove_1,
          serial_shops, nicolae_shop_waterfront, shop, nicolae_shop_waterfront
D:10:     lemuel_castle_with_subvaults [lemuel_castle_interior_original],
          layout_irregular_city, nicolae_yredelemnul_corpse_copse,
          minmay_lindwurm_lava
D:11:     layout_stronghold, minmay_orc_entry_guard_dogs
Lair:1:   layout_layer_cave
Lair:2:   layout_long_grid, portal_ice_cave_demonic_guard, uniq_harold
Lair:3:   layout_regular_city, shoals_dummy_entry,
          hellmonk_spider_entry_not_the_bees, pdpol_lair_neglected_garden

Skill      XL: |  1  2  3  4  5  6  7  8  9 10 11 12 |
---------------+-------------------------------------+-----
Spellcasting   | 2 3 5 6 7 8 10 12 14 | 14.3
Fire Magic     | 4 5 6 8 10 12 | 12.1
Dodging        | 1 2 3 9 |  9.2
Fighting       | 3 7 |  7.0
Conjurations   | 3 5 7 9 11 | 11.3
Translocations | 3 5 |  5.0
Polearms       | |  2.1

Action                     |  1- 3 |  4- 6 |  7- 9 | 10-12 || total
---------------------------+-------+-------+-------+-------++-------
  Melee: Spear             |    29 |    26 |    22 |   179 ||   256
         Punch             |       |       |       |     1 ||     1
   Cast: Scorch            |    44 |    70 |   226 |   301 ||   641
         Iskenderun's Myst |       |       |     1 |    15 ||    16
         Starburst         |       |       |       |    43 ||    43
         Mephitic Cloud    |       |       |       |     2 ||     2
 Invoke: Fiery Armour      |     1 |     1 |     2 |     6 ||    10
         Rising Flame      |       |       |     1 |       ||     1
  Evoke: Wand              |       |       |       |     6 ||     6
    Use: Scroll            |     1 |     6 |     7 |     9 ||    23
         Potion            |       |       |     3 |     6 ||     9
 Armour: Robe              |     5 |     5 |    28 |   183 ||   221
  Dodge: Dodged            |    15 |    27 |    97 |   410 ||   549

Table legend: (Time is in decaauts)
 A = Elapsed time spent in this place.
 B = Non-inter-level travel time spent in this place.
 C = Inter-level travel time spent in this place.
 D = Time resting spent in this place.
 E = Time spent auto-exploring this place.
 F = Levels seen in this place.
 G = Mean time per level.
                   A        B        C        D        E       F      G
               +--------+--------+--------+--------+--------+-----+--------+
         Total |  17707 |  17084 |    623 |   2067 |  12731 |  14 | 1264.8 |
       Dungeon |  14507 |  13965 |    542 |   1812 |  10188 |  11 | 1318.8 |
          Lair |   3199 |   3119 |     80 |    255 |   2543 |   3 | 1066.3 |
               +--------+--------+--------+--------+--------+-----+--------+

Top non-repeatable levels by time:
     D:8: 1998 daAuts
     D:5: 1877 daAuts
  Lair:2: 1548 daAuts
     D:9: 1500 daAuts
    D:10: 1479 daAuts
     D:4: 1466 daAuts
     D:7: 1413 daAuts
     D:2: 1385 daAuts
     D:1: 1372 daAuts
  Lair:1: 1235 daAuts
     D:6: 1035 daAuts
     D:3: 883 daAuts
  Lair:3: 415 daAuts
    D:11: 92 daAuts
